 Dungeon Crawl Stone Soup version 0.31.0-9-g3a7656b989 (webtiles) character file.

Game seed: 7041672435300055642

823 groovy9 the Skirmisher (level 7, 0/44 HPs)
             Began as a Deep Elf Hunter on Jan 25, 2024.
             Shot with an arrow by a centaur (4 damage)
             ... on level 5 of the Dungeon.
             The game lasted 00:09:51 (3069 turns).

groovy9 the Skirmisher (Deep Elf Hunter)            Turns: 3069, Time: 00:09:51

Health: 0/44       AC:  6    Str:  8    XL:     7   Next: 64%
Magic:  9/9        EV: 12    Int: 14    God:
Gold:   278        SH:  0    Dex: 20    Spells: 6/6 levels left

rFire   . . .        a - +0 shortbow
rCold   . . .        (shield currently unavailable)
rNeg    . . .        c - +0 leather armour
rPois   .            m - +0 helmet
rElec   .            l - +0 cloak
rCorr   .            (no gloves)
SInv    +            n - +0 pair of boots
Will    .....        (no amulet)
Stlth   ++           k - ring of see invisible
HPRegen 0.27/turn    (no ring)
MPRegen 0.11/turn

%: no passive effects
@: no status effects
A: no striking features
a: no special abilities


You were on level 5 of the Dungeon.
You visited 1 branch of the dungeon, and saw 5 of its levels.

You collected 288 gold pieces.
You spent 10 gold pieces at shops.

Inventory:

Hand Weapons
 a - a +0 shortbow (weapon)
 v - the +9 hand axe "Grim Tooth" {holy, +Blink rN+++ Will- Int+2}
   (You found it on level 3 of the Dungeon)

   Int+2:     It affects your intelligence (+2).
   rN+++:     It renders you almost immune to negative energy.
   Will-:     It decreases your willpower.
   +Blink:    It lets you blink.
Armour
 c - a +0 leather armour (worn)
 l - a +0 cloak (worn)
 m - a +0 helmet (worn)
 n - a +0 pair of boots (worn)
Jewellery
 d - a ring of fire
 k - a ring of see invisible (left hand)
Wands
 j - a wand of iceblast (6)
 y - a wand of charming (10)
Scrolls
 b - a scroll of butterflies
 o - a scroll of fog {unknown}
 p - a scroll of teleportation {unknown}
 q - 3 scrolls of enchant weapon
 r - a scroll of revelation {unknown}
 s - a scroll of immolation {unknown}
 t - 2 scrolls of silence
 u - a scroll of noise {unknown}
Potions
 e - 3 potions of curing
 f - a potion of cancellation
 g - a potion of degeneration
 h - 2 potions of heal wounds
 i - 2 potions of might
 w - a potion of attraction
 x - a potion of enlightenment {unknown}
 z - a potion of magic {unknown}


   Skills:
 + Level 4.3 Fighting
 * Level 10.6 Ranged Weapons
 - Level 2.4 Dodging
 - Level 1.2 Stealth


You had 6 spell levels left.
You didn't know any spells.
Your spell library contained the following spells:

 Spells                   Type           Power      Damage    Failure   Level
 Apportation              Tloc           0%         N/A       38%         1
 Foxfire                  Conj/Fire      0%         2x1d4     38%         1
 Necrotise                Necr           0%         1d4       38%         1
 Shock                    Conj/Air       0%         1d3       38%         1
 Sting                    Conj/Alch      0%         1d3       38%         1
 Summon Small Mammal      Summ           0%         N/A       38%         1
 Cigotuvi's Dreadful Rot  Necr/Alch/Air  0%         N/A       54%         2
 Swiftness                Air            0%         N/A       77%         3
 Airstrike                Air            0%         2d(0-16)  99%         4
 Ignite Poison            Fire/Alch      0%         N/A       99%         4
 Freezing Cloud           Conj/Ice/Air   0%         6-21      100%        5
 Plasma Beam              Fire/Air       0%         2x1d10    100%        6
 Starburst                Conj/Fire      0%         6d3       100%        6


Dungeon Overview and Level Annotations

Branches:
Dungeon (5/15)
 Temple: D:4-7

Altars:
Ashenzari
Elyvilon
Fedhas
Kikubaaqudgha
Makhleb
Qazlal
The Shining One

Shops:
D:1 !


Message History

The centaur wields a +0 orcbow.
The centaur shoots an arrow.
The arrow hits you!
You are too injured to fight recklessly!
You are too injured to fight recklessly!
The centaur shoots an arrow.
The arrow closely misses you.
The centaur shoots an arrow.
The arrow barely misses you.
You are too injured to fight recklessly!
Fire: a) +0 shortbow
Press: ? - help, Q - select action, (/) - cycle Shift-Dir - straight line, f/p - centaur
Aim: a centaur, wielding a +0 orcbow (lightly wounded, 77% to hit)
You shoot an arrow. The arrow hits the centaur.
The centaur is moderately wounded.
The centaur shoots an arrow.
The arrow hits you.
Fire: a) +0 shortbow
Press: ? - help, Q - select action, (/) - cycle Shift-Dir - straight line, f/p - centaur
Aim: a centaur, wielding a +0 orcbow (moderately wounded, 77% to hit)
You shoot an arrow. The arrow hits the centaur.
The centaur is moderately wounded.
The centaur shoots an arrow.
The arrow closely misses you.
Fire: a) +0 shortbow
Press: ? - help, Q - select action, (/) - cycle Shift-Dir - straight line, f/p - centaur
Aim: a centaur, wielding a +0 orcbow (moderately wounded, 77% to hit)
You shoot an arrow. The arrow hits the centaur.
The centaur is moderately wounded.
The centaur shoots an arrow.
The arrow hits you!
Fire: a) +0 shortbow
Press: ? - help, Q - select action, (/) - cycle Shift-Dir - straight line, f/p - centaur
Aim: a centaur, wielding a +0 orcbow (moderately wounded, 77% to hit)
You shoot an arrow.
The arrow hits the centaur but does no damage.
The centaur is moderately wounded.
Fire: a) +0 shortbow
Press: ? - help, Q - select action, (/) - cycle Shift-Dir - straight line, f/p - centaur
Aim: a centaur, wielding a +0 orcbow (moderately wounded, 77% to hit)
You shoot an arrow. The arrow hits the centaur!
The centaur is severely wounded.
The centaur shoots an arrow.
The arrow hits you!
* * * LOW HITPOINT WARNING * * *
The centaur shoots an arrow.
The arrow hits you.
You die...

.....####..### #.....#........
......#......### ##.....#.#.#.#.#
.........##....###...............
..#.#...######............#.#.#.#
........# ###...)..###...[....
..#.#...# ##..#...###.#.#.#.#
........# #...#....##........
..####..#######.#.#....##........
..# ##.........@......###..##...
..# ...#(#.#.#......#...#####.
..# .......)...........## ## ..#
#..#.#.#.#.......### # #.#
#..........c......# #.##
##..#.#.#.#.....##.# #..#
##.............####.###
#..###....#.#.#.#..## #....##
...##.............# #..#..#####


You could see a centaur.

Vanquished Creatures
  A black bear (D:5)
  2 ogres
  A jelly (D:3)
  2 bombardier beetles
  2 orc priests (D:4)
  3 iron imps (D:3)
  A sleepcap (D:5)
  3 orc wizards
  An iguana (D:5)
  3 gnolls (D:5)
  7 adders
  2 dart slugs
  A ribbon worm (D:4)
  13 orcs
  8 ball pythons
  8 endoplasms
  2 giant cockroaches
  17 goblins
  5 hobgoblins
  4 jackals (D:2)
  4 quokkas
  4 bats
  3 frilled lizards
  6 kobolds
  7 rats
110 creatures vanquished.

Notes
Turn   | Place    | Note
-------+----------+-------------------------------------------
     0 | D:1      | groovy9 the Deep Elf Hunter began the quest for the Orb.
     0 | D:1      | Reached XP level 1. HP: 12/12 MP: 3/3
    88 | D:1      | Found Paruidia's Distillery.
   108 | D:1      | Bought a potion of degeneration for 10 gold pieces
   111 | D:1      | Reached XP level 2. HP: 17/17 MP: 4/4
   303 | D:1      | Reached skill level 6 in Ranged Weapons
   454 | D:2      | Reached XP level 3. HP: 21/21 MP: 5/5
  1007 | D:3      | Reached XP level 4. HP: 27/27 MP: 6/6
  1019 | D:3      | Reached skill level 7 in Ranged Weapons
  1127 | D:3      | Found a white marble altar of Elyvilon.
  1130 | D:3      | Found a glowing golden altar of the Shining One.
  1130 | D:3      | Found a blossoming altar of Fedhas.
  1131 | D:3      | Found a stormy altar of Qazlal.
  1132 | D:3      | Found a broken altar of Ashenzari.
  1138 | D:3      | Identified the +9 hand axe "Grim Tooth" {holy, +Blink rN+++
                  | Will- Int+2}
  1218 | D:3      | Found a burning altar of Makhleb.
  1227 | D:3      | Reached XP level 5. HP: 32/32 MP: 7/7
  1240 | D:3      | Reached skill level 8 in Ranged Weapons
  1382 | D:3      | Noticed an ogre
  1503 | D:3      | Killed an ogre
  1504 | D:3      | Reached XP level 6. HP: 37/37 MP: 8/8
  1675 | D:4      | Reached skill level 9 in Ranged Weapons
  1941 | D:4      | Reached XP level 7. HP: 36/42 MP: 9/9
  2352 | D:4      | Reached skill level 10 in Ranged Weapons
  2497 | D:5      | Entered Level 5 of the Dungeon
  2649 | D:5      | Found an ancient bone altar of Kikubaaqudgha.
  3069 | D:5      | Shot with an arrow by a centaur

Illustrated notes

Levels and vault maps discovered:
D:1:      dpeg_arrival_rooms_a, layout_rooms, serial_shops, shop
D:2:      layout_loops_ring, hangedman_decor_peaks_small
D:3:      layout_rooms, demons_altar, grunt_temple_overflow_open,
          minmay_ogre_servants
D:4:      layout_loops_cross, serial_rivers, chequers_serial_rivers_micro_e,
          chequers_serial_rivers_micro_a, chequers_serial_rivers_marsh,
          chequers_serial_rivers_room_b, guppyfry_early_orc_mine
D:5:      layout_layer_cave, mainiacjoe_overflow_24_doors,
          minmay_temple_entry_nine_rooms, serial_glass, glass_columns_b,
          glass_columns_a, glass_columns_c, glass_columns_b, glass_columns_c,
          glass_columns_a, glass_columns_b, glass_columns_a,
          due_unseen_surprise, uniq_edmund

Skill      XL: |  1  2  3  4  5  6  7 |
---------------+----------------------+-----
Ranged Weapons | 6 7 8 9 10 | 10.6
Fighting       | 2 3 4 |  4.3
Dodging        | |  2.4
Stealth        | |  1.2

Action                     |  1- 3 |  4- 6 |  7- 9 || total
---------------------------+-------+-------+-------++-------
  Melee: Hand axe          |       |    35 |    22 ||    57
   Fire: Shortbow          |   115 |   101 |    54 ||   270
    Use: Scroll            |       |     1 |     7 ||     8
 Armour: Leather armour    |    17 |    39 |    27 ||    83
  Dodge: Dodged            |    24 |    51 |    17 ||    92
